Butter, chaotic male elven Priest ---- ---- |..| ----- --- |..| |..| --...---.--- |..| |.-- |.....|....-------(- |.| -.................| |.| -- |.........--------- |.| |.- --.....--...| |.| |.. --......||-..-- |.| ---- .. --......-||....-- -- ---- |.| --- --- --|.>| -.---........--.....| |. --..| |.| |@--|.. ..|..| -..................-----.| |..<-- |.---- |iu--.- ---- -.|..--- --...................|...| ----.---- |...%-----------....---..------......----.......................--- |....-- ---...............................................................| --....| -----------.-...........--..--.....---..---.........----........--- |....| |.......................-.......------.).....-- --.--.....-----[..| |..............................^....%%.%.^....| -- -.....||...--- ----.................--.........-------.%-.-..--------....---.--- |.......................!...........[.....................^| ---..--.------.-------.--.|.-------------------------------- ------- --- -------- Butter the Acolyte Experience level: 5 Strength: 12 Dexterity: 13 Constitution: 16 Intelligence: 8 Wisdom: 16 Charisma: 10 Health: 0(42) Energy: 80(80) Def: 7 Gold: 0 Moves: 2004 Dungeon seed: cvbb8-NG57ooJpJa Game ID: Butter_1615678916 Your Inventory: Weapons a - a blessed corroded +1 mace (weapon in hand) o - a +0 orcish dagger (alternate weapon; not wielded) D - 2 +0 darts Armor e - a +0 robe (being worn) n - a +0 small shield (being worn) N - a +0 dwarvish iron helm (being worn) Y - a +0 pair of iron shoes (being worn) Comestibles c - a clove of garlic d - a sprig of wolfsbane s - a tripe ration w - 4 food rations C - an apple G - a tin of spinach Rings z - a ring of protection from shape changers (on left hand) Tools m - a sack F - 6 tallow candles (0:200) H - a magic lamp Contents of the sack: 231 gold pieces a blessed scroll of identify a spellbook of blank paper a spellbook of blank paper a spellbook of detect monsters a spellbook of light a spellbook of remove curse a potion of booze 4 potions of holy water a magic marker (0:57) a tooled horn a chrysoberyl stone a worthless piece of black glass a worthless piece of red glass Spells and supernatural/magical abilities: Name Level Category Fail Memory l - light 1 divination 0% 90% r - remove curse 3 clerical 0% 90% W - pray for help -- divine ? -- X - turn undead -- divine ? -- Your skills at the end: Fighting Skills Weapon Skills mace [Basic] Spellcasting Skills clerical spells [Basic] Final Attributes: You were piously aligned. You were sleep resistant. You had infravision. You were protected from shape changers. You are dead. Vanquished creatures: a violet fungus 2 gnome lords a ghoul a baby crocodile 2 dwarves a rabid rat a wererat an iguana 2 acid blobs 2 coyotes 2 hobbits 4 giant rats 2 yellow molds 6 gnomes 2 garter snakes 5 geckos 2 jackals 4 goblins 4 sewer rats 5 grid bugs 2 lichens 6 newts 58 creatures vanquished. Voluntary challenges: You used a wielded weapon 70 times, starting on turn 91. You were illiterate. You never genocided any monsters. You never polymorphed an object. You never changed form. You used no wishes. You never split a pudding. You never wrote Elbereth's name. You never violated your personal moral code. Dungeon overview: The Dungeons of Doom: levels 1 to 4 Level 1 a fountain a long staircase Level 2 a fountain Level 3 an altar to Issek, a fountain Level 4 stairs to The Gnomish Mines The Gnomish Mines: Level 5 <- You were here stairs to The Dungeons of Doom History has recorded: On T:1 you entered the Dungeons of Doom to retrieve the Amulet of Yendor! On T:376 you reached level 2 of The Dungeons of Doom. On T:411 you advanced to experience level 2. On T:870 you reached level 3 of The Dungeons of Doom. On T:872 you advanced to experience level 3. On T:1434 you reached level 4 of The Dungeons of Doom. On T:1617 you advanced to experience level 4. On T:1711 you reached level 1 of The Gnomish Mines. On T:1822 you advanced to experience level 5. Score breakdown: Gold: 231 ( 8046 points) Experience: 5 levels (11141 points) Exploration: 5 levels ( 9.80%) ( 8485 points) Discoveries: 0 items ( 0.00%) ( 0 points) Valuables value: (no points given unless you survive) Artifact value: 0 ( 0 points) Variety of kills: 22 monsters ( 5.77%) ( 7208 points) Turncount: 2004 turns ( -3 points) Survival: died (score multiplied by 80%) Total score: 27901 Latest messages: You kill the baby crocodile! You kill the yellow mold! You hit the violet fungus! You kill the violet fungus! The pony kicks! The pony bites! You hit the pony. The pony kicks! The pony misses. The pony kicks! The pony bites! You miss the pony. The pony misses. (2x) You hit the imp. The imp misses. The pony kicks! The pony bites! The pony kicks! The pony misses. The imp misses. The pony kicks! The pony bites! You hit the pony! The imp hits! The pony kicks! You die... Final status: Goodbye Butter the Priest, killed by a pony... You died in The Gnomish Mines on dungeon level 5 with 27901 points, and 231 pieces of gold, after 2004 moves. You were level 5 with a maximum of 42 hit points when you died.